 Dungeon Crawl Stone Soup version 0.29-a0-582-ge82337ba6a (webtiles) character file.

Game seed: 17462860161512850506

74 porpoise the Skirmisher (level 4, -2/35 HPs)
             Began as a Tengu Hunter on June 15, 2022.
             Slain by an adder (4 damage)
             ... on level 1 of the Dungeon.
             The game lasted 00:02:33 (1103 turns).

porpoise the Skirmisher (Tengu Hunter)              Turns: 1103, Time: 00:02:34

Health: -2/35      AC:  3    Str: 12    XL:     4   Next: 28%
Magic:  5/5        EV: 12    Int:  9    God:
Gold:   43         SH:  0    Dex: 19    Spells: 3/3 levels left

rFire   + + .      SeeInvis .   a - +1 shortbow
rCold   . . .      Faith    .   (shield currently unavailable)
rNeg    . . .      Spirit   .   b - +0 leather armour
rPois   .          Reflect  .   (helmet restricted)
rElec   .          Harm     .   (no cloak)
rCorr   .          Rampage  .   (no gloves)
Will    .....                   (boots unavailable)
Stlth   +++.......              (no amulet)
HPRegen 0.11/turn               d - ring of protection from fire
MPRegen 0.09/turn               f - ring of protection from fire

@: hasted, very quick
A: beak, talons 3
a: no special abilities


You were on level 1 of the Dungeon.
You visited 1 branch of the dungeon, and saw 2 of its levels.

You collected 43 gold pieces.

Inventory:

Hand Weapons
 a - a +1 shortbow (weapon)
Armour
 b - a +0 leather armour (worn)
Jewellery
 d - a ring of protection from fire (left hand)
 f - a ring of protection from fire (right hand)
Scrolls
 c - a scroll of immolation
Potions
 h - a potion of curing {unknown}


   Skills:
 - Level 7.8 Fighting
 * Level 7.6 Bows
 - Level 2.1 Dodging
 + Level 5.9 Stealth


You had 3 spell levels left.
You didn't know any spells.
Your spell library was empty.

Dungeon Overview and Level Annotations

Branches:
Dungeon (2/15)

Altars:


Innate Abilities, Weirdness & Mutations

You have a beak for a mouth.
You have claws for feet.


Message History

Shoot: a) +1 shortbow
Press: ? - help, Q - select action Shift-Dir - straight line, f/p - adder
Aim: an adder (50% to hit)
You shoot an arrow. The arrow hits the endoplasm!
You kill the endoplasm!
You feel sick.
You are no longer poisoned.
Shoot: a) +1 shortbow
Press: ? - help, Q - select action Shift-Dir - straight line, f/p - adder
Aim: an adder (50% to hit)
You shoot an arrow.
The arrow hits the adder but does no damage.
The adder bites you. x2
* * * LOW HITPOINT WARNING * * *
The ball python bites you.
* * * LOW HITPOINT WARNING * * *
The ball python misses you. The adder attacks as you move away!
The adder closely misses you. The adder barely misses you.
The ball python attacks as you move away!
The ball python completely misses you. The ball python closely misses you.
The adder attacks as you move away! The adder bites you.
* * * LOW HITPOINT WARNING * * *
The ball python attacks as you move away!
The ball python closely misses you.
There is a stone staircase leading up here.
The adder barely misses you.
You climb upwards.
There is a stone staircase leading down here.
It was a potion of experience.
You feel more experienced!
Your Fighting skill gained 5 levels and is now at level 7!
Your Bows skill gained 2 levels and is now at level 7!
Your Stealth skill gained 4 levels and is now at level 5!
Training target 5.0 for Fighting reached!
You have reached level 4!
You feel stronger. The adder barely misses you. x2
It was a potion of haste.
You feel yourself speed up. The adder bites you.
You die...

####.##### ##..####.#.# #.#
##........#.#
##.##########.....#####.###
#.........##.......## #.#.##
#......##.#.........###....####
#.#.......+.........(..........
#.##...##.#.........####...#.##
#.#...###.##.......## ##.##.#
#.#.### #.###S@...## ####>#
#.#.#####.# ##...## #.#
#.........# ##'## #.#
###.####### #.# #.# #.# #.# #.#
####.## ##.## #.# #.....#
###...## #.# #.##..# ##......##
#.# #.##..######.#....#.## #.#


You could see an adder.

Vanquished Creatures
  A worm (D:2)
  2 dart slugs (D:1)
  2 ball pythons (D:1)
  A bat (D:1)
  6 endoplasms
  4 goblins
  2 hobgoblins (D:1)
  A quokka (D:1)
  2 kobolds (D:1)
  2 rats (D:1)
23 creatures vanquished.

Notes
Turn   | Place    | Note
-------+----------+-------------------------------------------
     0 | D:1      | porpoise the Tengu Hunter began the quest for the Orb.
     0 | D:1      | Reached XP level 1. HP: 12/12 MP: 2/2
    69 | D:1      | Reached XP level 2. HP: 17/17 MP: 3/3
   713 | D:1      | Reached XP level 3. HP: 22/22 MP: 4/4
  1023 | D:2      | Reached skill level 5 in Bows
  1098 | D:2      | HP: 1/22 [adder (3)]
  1102 | D:1      | Reached skill level 5 in Stealth
  1102 | D:1      | Reached XP level 4. HP: 2/35 MP: 5/5
  1103 | D:1      | Slain by an adder

Illustrated notes

Levels and vault maps discovered:
D:1:      scummos_arrival_forest, layout_loops_corners
D:2:      layout_rooms, uniq_crazy_yiuf_cottage

Skill      XL: |  1  2  3 |
---------------+----------+-----
Bows           | 7 |  7.6
Fighting       | 7 |  7.8
Stealth        | 5 |  5.9
Dodging        | |  2.1

Action                   |  1- 3 |  4- 6 || total
-------------------------+-------+-------++-------
 Fire: Shortbow          |    65 |       ||    65
  Use: Potion            |     1 |     1 ||     2
Armor: Leather armour    |     6 |       ||     6
Dodge: Dodged            |    22 |     2 ||    24

Table legend: (Time is in decaauts)
 A = Elapsed time spent in this place.
 B = Non-inter-level travel time spent in this place.
 C = Inter-level travel time spent in this place.
 D = Time resting spent in this place.
 E = Time spent auto-exploring this place.
 F = Levels seen in this place.
 G = Mean time per level.
                   A        B        C        D        E       F      G
               +--------+--------+--------+--------+--------+-----+--------+
         Total |   1122 |   1103 |     19 |     59 |    906 |   2 |  561.0 |
       Dungeon |   1122 |   1103 |     19 |     59 |    906 |   2 |  561.0 |
               +--------+--------+--------+--------+--------+-----+--------+

Top non-repeatable levels by time:
     D:1: 1006 daAuts
     D:2: 116 daAuts
